 Dungeon Crawl Stone Soup version 0.28-a0-381-g937acc2988 (webtiles) character file.

Game seed: 11830945555109543131

35851 lunkers the Brawler (level 13, -10/125 HPs)
             Began as a Minotaur Cinder Acolyte on Sept 1, 2021.
             Was a High Priest of Ignis.
             Mangled by a boulder beetle (14 damage)
             ... on level 4 of the Lair of Beasts.
             The game lasted 00:36:32 (23879 turns).

lunkers the Brawler (Minotaur Cinder Acolyte)      Turns: 23879, Time: 00:36:33

Health: -10/125    AC: 10    Str: 28    XL:     13   Next: 49%
Magic:  7/13       EV: 11    Int: 10    God:    Ignis [*****.]
Gold:   858        SH:  9    Dex:  9    Spells: 13/14 levels left

rFire   + . .      SeeInvis .     - Unarmed
rCold   . . .      Faith    .   T - +0 buckler
rNeg    . . .      Spirit   .   M - +0 acid dragon scales
rPois   .          Reflect  +   (helmet restricted)
rElec   .          Harm     .   z - +0 cloak
rCorr   +          Rampage  .   (no gloves)
Will    .....                   s - +0 pair of boots
Stlth   +.........              K - amulet of reflection
HPRegen 0.30/turn               o - ring of resist corrosion
MPRegen 0.13/turn               O - +6 ring of strength

@: about to teleport
A: horns 2, retaliatory headbutt
a: Renounce Religion, Sea of Fire, Foxfire Swarm, Rising Flame


You were on level 4 of the Lair of Beasts.
You worshipped Ignis.
Ignis was extremely pleased with you.
You visited 2 branches of the dungeon, and saw 14 of its levels.

You collected 858 gold pieces.

Inventory:

Hand Weapons
 t - a +3 flail of draining
Armour
 a - a +0 robe
 b - a +0 pair of boots
 s - a +0 pair of boots (worn)
 x - a +2 robe of the Archmagi
 z - a +0 cloak (worn)
 L - +0 steam dragon scales
 M - +0 acid dragon scales (worn)
 T - a +0 buckler (worn)
Jewellery
 o - a ring of resist corrosion (left hand)
 K - an amulet of reflection (around neck)
 O - a +6 ring of strength (right hand)
 S - an amulet of the acrobat
Wands
 w - a wand of digging (5)
 C - a wand of flame (8)
 E - a wand of polymorph (6)
 F - a wand of paralysis (21)
 N - a wand of charming (7)
 P - a wand of iceblast (7)
Scrolls
 f - 3 scrolls of fear {unknown}
 i - 2 scrolls of fog {unknown}
 k - 2 scrolls of teleportation
 p - 2 scrolls of immolation {unknown}
 q - 4 scrolls of blinking {unknown}
 y - a scroll of amnesia {unknown}
 A - 2 scrolls of magic mapping {unknown}
 D - 3 scrolls of enchant armour {unknown}
 H - a scroll of acquirement {unknown}
 I - a scroll of summoning {unknown}
 J - a scroll of vulnerability {unknown}
 R - 2 scrolls of noise {unknown}
 U - a scroll of identify
Potions
 c - 4 potions of degeneration
 d - 4 potions of lignification
 e - 3 potions of haste
 h - a potion of might
 j - a potion of brilliance
 l - 3 potions of magic
 m - 3 potions of invisibility
 n - 3 potions of curing
 r - a potion of resistance
 u - 4 potions of heal wounds
 v - 2 potions of flight
 B - a potion of berserk rage {unknown}
 G - 2 potions of attraction {unknown}
Miscellaneous
 g - a tin of tremorstones (2/2)
 Q - a phial of floods (inert)
 V - a box of beasts


   Skills:
 + Level 14.8 Fighting
 + Level 7.7 Armour
 - Level 4.0 Shields
 * Level 18.3 Unarmed Combat
 - Level 1.0 Spellcasting
 - Level 0.6 Fire Magic
 - Level 4.0 Evocations


You had 13 spell levels left.
You knew the following spells:

 Your Spells              Type           Power      Damage    Failure   Level
p - Foxfire               Conj/Fire      4%         2x1d4     34%         1

Your spell library contained the following spells:

 Spells                   Type           Power      Damage    Failure   Level
 Beastly Appendage        Tmut           0%         N/A       36%         1
 Summon Small Mammal      Summ           0%         N/A       36%         1
 Wereblood                Tmut           0%         N/A       52%         2
 Call Canine Familiar     Summ           0%         N/A       75%         3
 Gell's Gravitas          Tloc           0%         N/A       75%         3
 Spider Form              Tmut/Pois      0%         N/A       75%         3
 Summon Guardian Golem    Hex/Summ       0%         N/A       75%         3
 Teleport Other           Tloc           0%         N/A       75%         3
 Alistair's Intoxication  Tmut/Pois      0%         N/A       100%        5
 Borgnjor's Vile Clutch   Necr/Erth      0%         N/A       100%        5
 Dispersal                Tloc           0%         N/A       100%        6
 Eringya's Noxious Bog    Tmut/Pois      0%         N/A       100%        6
 Borgnjor's Revivificati  Necr           0%         N/A       100%        8
 Necromutation            Tmut/Necr      0%         N/A       100%        8
 Death's Door             Necr           0%         N/A       100%        9


Dungeon Overview and Level Annotations

Branches:
Dungeon (10/15)            Temple (0/1) D:4            Lair (4/6) D:8
 Shoals (0/4) Lair:2
  Snake: Lair:2-4    Spider: Lair:2-4       Orc: D:9-12

Altars:
Ashenzari
Elyvilon
Gozag
Kikubaaqudgha
Makhleb
Nemelex Xobeh
Okawaru
Qazlal
Uskayaw
Wu Jian
Yredelemnul
Zin

Shops:
D:3 (   D:7 (   D:10 :

Annotations:
D:3 1 runed translucent door, Crazy Yiuf
D:7 1 runed translucent door, lunkers's ghost, novice MiCA
D:10 3 runed translucent doors, Demosthentine's ghost, journeyman MfGl; Tocho's ghost, novice OgFE; robertstho's ghost, journeyman DjFE
Lair:3 exclusion: oklob plant


Innate Abilities, Weirdness & Mutations

You have a pair of horns on your head.
You reflexively headbutt those who attack you in melee.


Message History

The blink frog blinks!
You pummel the boulder beetle!!
You headbutt the boulder beetle, but do no damage.
The boulder beetle is moderately wounded.
You block the blink frog's attack.
The blink frog hits you but does no damage.
You block the boulder beetle's attack.
You barely miss the boulder beetle.
You headbutt the boulder beetle, but do no damage.
The boulder beetle is moderately wounded.
The blink frog misses you. You block the blink frog's attack.
You hit the boulder beetle but do no damage.
The boulder beetle is moderately wounded.
The boulder beetle bites you!
* * * LOW HITPOINT WARNING * * *
You block the blink frog's attack.
The blink frog blinks!
You completely miss the boulder beetle.
The boulder beetle is moderately wounded.
You block the blink frog's attack. The boulder beetle bites you!!
* * * LOW HITPOINT WARNING * * *
You hit the boulder beetle.
The boulder beetle is heavily wounded.
You punch the boulder beetle! You headbutt the boulder beetle.
The boulder beetle is severely wounded.
The blink frog blinks!
The boulder beetle closely misses you.
Your magical contamination has completely faded away.
You hit the boulder beetle but do no damage.
The boulder beetle is severely wounded.
The boulder beetle bites you!
* * * LOW HITPOINT WARNING * * *
You hit the boulder beetle but do no damage.
The boulder beetle is severely wounded.
The blink frog hits you!
* * * LOW HITPOINT WARNING * * *
The blink frog blinks!
As you read the scroll of teleportation, it crumbles to dust.
You feel strangely unstable. The blink frog closely misses you.
You furiously retaliate!
You headbutt the blink frog! The boulder beetle bites you!
You die...

..... #.#.P
#....######
####....#.P.##
#.........F..##
##............#
.....<.......#
......§B†....##
...$.§†@......#
.......F.....##
##...........#
....
##.####'#####
.#.# # ###..#
..## ##.#..##
###..##
#....#.###
##.....
#........#
#.....#
##........#


You could see a boulder beetle and 2 blink frogs.

Vanquished Creatures
  Gastronok (Lair:2)
  Josephine (D:10)
  A boulder beetle (Lair:2)
  A catoblepas (D:9)
  3 hydras
  Erica (D:9)
  2 two-headed ogres
  A death knight (D:8)
  Nergalle (Lair:1)
  Pikel (D:9)
  2 deep elf pyromancers (D:9)
  2 black mambas
  12 cane toads
  Maggie (D:8)
  3 komodo dragons
  3 rime drakes
  2 polar bears
  2 trolls
  Prince Ribbit (D:5)
  2 hornets
  A blink frog (Lair:4)
  8 slime creatures
  7 wraiths (D:10)
  A vampire (D:9)
  7 spriggans (Lair:1)
  3 wyverns
  15 yaks
  3 steam dragons
  3 basilisks
  Edmund (D:4)
  An acid dragon (D:8)
  13 water moccasins
  3 ice beasts
  2 orc warriors
  2 sky beasts
  2 necrophages
  An ogre (D:4)
  5 centaurs
  42 wolves
  A phantom (D:7)
  5 kobold brigands
  Blork the orc (D:6)
  2 gnoll sergeants
  20 bullfrogs
  A wyvern zombie (D:7)
  4 scorpions
  3 water moccasin zombies
  A water moccasin skeleton (D:5)
  7 killer bees (D:9)
  2 howler monkeys
  8 wights
  9 electric eels
  4 centaur zombies
  3 orc priests
  4 hounds
  2 jellies (D:6)
  4 iguanas
  4 orc wizards
  A hound skeleton (D:4)
  A howler monkey zombie (D:9)
  14 gnolls
  A howler monkey skeleton (D:5)
  10 adders
  A white imp (D:7)
  An adder skeleton (D:5)
  A dart slug (D:1)
  28 orcs
  8 bats
  7 endoplasms
  2 giant cockroaches
  7 goblins
  4 hobgoblins
  5 jackals (D:2)
  7 quokkas
  10 ball pythons
  A frilled lizard (D:2)
  18 kobolds
  7 rats
382 creatures vanquished.

Vanquished Creatures (collateral kills)
  A foxfire (D:8)
1 creature vanquished.

Vanquished Creatures (others)
  489 foxfires
  73 fungi
  78 plants
  2 withered plants (D:7)
642 creatures vanquished.

Grand Total: 1025 creatures vanquished

Notes
Turn   | Place    | Note
-------+----------+-------------------------------------------
     0 | D:1      | lunkers the Minotaur Cinder Acolyte began the quest for the
                  | Orb.
     0 | D:1      | Reached XP level 1. HP: 19/19 MP: 1/1
    91 | D:1      | Reached XP level 2. HP: 27/27 MP: 0/2
   260 | D:1      | Reached skill level 4 in Unarmed Combat
   637 | D:1      | Reached XP level 3. HP: 32/33 MP: 1/3
   807 | D:1      | Found a faded altar of an unknown god.
  1726 | D:2      | Reached XP level 4. HP: 41/41 MP: 0/4
  1895 | D:2      | Reached skill level 5 in Unarmed Combat
  2425 | D:2      | Reached XP level 5. HP: 31/47 MP: 5/5
  2426 | D:2      | Reached skill level 5 in Fighting
  3102 | D:3      | Found a sparkling altar of Nemelex Xobeh.
  3103 | D:3      | Found an iron altar of Okawaru.
  3182 | D:3      | Found a white marble altar of Elyvilon.
  3310 | D:3      | Found Roeckiel's Weapon Shop.
  3502 | D:3      | Found a basalt altar of Yredelemnul.
  3807 | D:3      | Found a runed translucent door.
  3814 | D:3      | Noticed Crazy Yiuf
  4138 | D:4      | Reached skill level 6 in Unarmed Combat
  4169 | D:4      | Noticed an ogre
  4182 | D:4      | Killed an ogre
  4183 | D:4      | Reached XP level 6. HP: 45/57 MP: 1/6
  4395 | D:4      | Found a staircase to the Ecumenical Temple.
  4708 | D:4      | Reached skill level 7 in Unarmed Combat
  4885 | D:4      | Noticed Edmund
  4926 | D:4      | Killed Edmund
  4927 | D:4      | Reached XP level 7. HP: 29/63 MP: 4/7
  5223 | D:5      | Entered Level 5 of the Dungeon
  5286 | D:5      | Reached skill level 8 in Unarmed Combat
  5681 | D:5      | Noticed Prince Ribbit
  5694 | D:5      | Killed Prince Ribbit
  5700 | D:5      | Reached skill level 9 in Unarmed Combat
  5700 | D:5      | Reached XP level 8. HP: 44/73 MP: 0/8
  6072 | D:5      | Found a glowing silver altar of Zin.
  6555 | D:5      | Reached skill level 10 in Unarmed Combat
  7141 | D:6      | Noticed Blork the orc
  7158 | D:6      | Killed Blork the orc
  7991 | D:6      | Reached XP level 9. HP: 26/82 MP: 5/9
  7995 | D:6      | Reached skill level 11 in Unarmed Combat
  8710 | D:7      | Found Ycoafen's Antique Weapon Boutique.
  8908 | D:7      | Found a runed translucent door.
  8909 | D:7      | Noticed lunkers's ghost (novice MiCA)
  9112 | D:7      | Noticed a +0 short sword
  9112 | D:7      | Noticed a +0 dagger
  9112 | D:7      | Noticed a +0 short sword
  9113 | D:7      | Noticed a +0 falchion
  9113 | D:7      | Noticed a +0 spear
  9113 | D:7      | Noticed a +0 dagger
  9114 | D:7      | Noticed a +0 spear
  9117 | D:7      | Noticed a +0 falchion
  9122 | D:7      | Found a hide-covered altar of Uskayaw.
  9276 | D:7      | Reached skill level 10 in Fighting
  9276 | D:7      | Reached skill level 12 in Unarmed Combat
  9737 | D:8      | Reached XP level 10. HP: 69/94 MP: 10/10
  9739 | D:8      | Noticed Maggie
  9748 | D:8      | Killed Maggie
  9749 | D:8      | Reached skill level 13 in Unarmed Combat
 10255 | D:8      | Found a staircase to the Lair.
 10808 | D:8      | Found a burning altar of Makhleb.
 11003 | D:9      | Noticed Erica
 11124 | D:9      | Killed Erica
 11442 | D:9      | Noticed a death knight
 11444 | D:9      | Noticed a catoblepas
 12045 | D:9      | Found a stormy altar of Qazlal.
 12134 | D:9      | Found a broken altar of Ashenzari.
 12137 | D:9      | Found an opulent altar of Gozag.
 12151 | D:9      | Found an ancient bone altar of Kikubaaqudgha.
 12154 | D:9      | Found an ornate altar of the Wu Jian Council.
 12215 | D:9      | Reached skill level 14 in Unarmed Combat
 12433 | D:9      | Noticed Maurice
 12443 | D:9      | Killed a catoblepas
 12766 | D:9      | Noticed Pikel
 12985 | D:9      | Killed Pikel
 13042 | D:9      | Found a basalt altar of Yredelemnul.
 13170 | D:9      | Reached XP level 11. HP: 95/104 MP: 5/11
 13246 | D:9      | Noticed a two-headed ogre
 13262 | D:9      | Killed a two-headed ogre
 13626 | D:9      | Reached skill level 15 in Unarmed Combat
 13974 | D:9      | Noticed a deep elf pyromancer
 13984 | D:9      | Killed a deep elf pyromancer
 13997 | D:9      | Noticed a deep elf pyromancer
 14009 | D:9      | Killed a deep elf pyromancer
 14600 | D:8      | Killed a death knight
 14799 | D:10     | Entered Level 10 of the Dungeon
 15463 | D:10     | Noticed Josephine
 15472 | D:10     | Killed Josephine
 15473 | D:10     | Reached skill level 16 in Unarmed Combat
 15487 | D:10     | Paralysed by a hornet for 1 turns
 15497 | D:10     | HP: 5/107 [poisoned by a hornet]
 15912 | D:10     | Found Gez Dyov's Book Boutique.
 15958 | D:10     | Noticed a two-headed ogre
 15962 | D:10     | Killed a two-headed ogre
 15963 | D:10     | Reached skill level 1 in Armour
 15963 | D:10     | Reached skill level 1 in Evocations
 16304 | D:10     | Found a runed translucent gate.
 16305 | D:10     | Found a runed translucent gate.
 16305 | D:10     | Found a runed translucent gate.
 16305 | D:10     | Noticed Tocho's ghost (novice OgFE)
 16305 | D:10     | Noticed Demosthentine's ghost (journeyman MfGl)
 16305 | D:10     | Noticed robertstho's ghost (journeyman DjFE)
 16614 | D:10     | Reached XP level 12. HP: 48/115 MP: 6/12
 17501 | Lair:1   | Entered Level 1 of the Lair of Beasts
 18587 | Lair:1   | Reached skill level 1 in Shields
 18785 | Lair:1   | Noticed Nergalle
 19113 | Lair:1   | Reached skill level 17 in Unarmed Combat
 19125 | Lair:1   | Killed Nergalle
 19759 | Lair:1   | Reached skill level 5 in Armour
 20393 | Lair:2   | Noticed a boulder beetle
 20424 | Lair:2   | Killed a boulder beetle
 20426 | Lair:2   | Noticed Gastronok
 20564 | Lair:2   | Noticed an eight-headed hydra
 20923 | Lair:2   | Killed Gastronok
 20924 | Lair:2   | Reached XP level 13. HP: 71/124 MP: 10/13
 21713 | Lair:2   | Found a staircase to the Shoals.
 22317 | Lair:3   | Reached skill level 18 in Unarmed Combat
 23878 | Lair:4   | HP: 4/125 [blink frog (10)]
 23879 | Lair:4   | Mangled by a boulder beetle

Illustrated notes

Levels and vault maps discovered:
D:1:      psy_arrival_whirlpool, layout_basic,
          shapermc_ecumenical_altar_mp_vishouse
D:2:      layout_loops_cross, serial_forest, infiniplex_forest_straight_1,
          infiniplex_forest_pool, infiniplex_forest_corner_2,
          infiniplex_forest_end_2, infiniplex_forest_clump_tiny,
          infiniplex_forest_end_3, infiniplex_forest_clump_diagonal,
          infiniplex_forest_lined_room_, infiniplex_forest_straight_2,
          infiniplex_forest_straight_5, corexii_corridor_pit,
          minmay_misc_feat_x, st_stairs_14, due_unseen_surprise
D:3:      layout_loops_ring, gammafunk_temple_overflow_pools,
          yredelemnul_altar_generic, nicolae_elyvilon_peaceful_grove,
          serial_shops, nicolae_shop_stone, uniq_crazy_yiuf_cottage
D:4:      layout_loops_ring, temple_pool_b, uniq_edmund
D:5:      layout_loops_ring, zin_academy, uniq_prince_ribbit1
D:6:      layout_loops_ring, kennysheep_opposing_triangles, uniq_blork_the_orc
D:7:      layout_rooms, nicolae_uskayaw_en_pointe, serial_shops, shop_statue,
          gammafunk_ghost_grave, kennysheep_generic_room_3
D:8:      layout_basic, mainiacjoe_overflow_24_doors,
          due_lair_maze_entry_diamond, uniq_maggie
D:9:      minmay_slanted_spiral_squares, layout_stronghold,
          grunt_qazlal_sundering, grunt_temple_overflow_cloverleaf,
          serial_glass, glass_columns_a, glass_columns_c, nrook_mini_backslash,
          minmay_ruined_shrine, uniq_erica, uniq_maurice, uniq_pikel
D:10:     layout_basic, gammafunk_ghost_cemetery, serial_shops,
          nicolae_inconvenience_store, uniq_josephine
Lair:1:   kb_forest_paths, layout_concentric_octagons,
          grunt_forest_small_clearing_treed, uniq_nergalle
Lair:2:   layout_chaotic_city, elwin_shoals_entry_rooms, guppyfry_lair_drakes,
          uniq_gastronok
Lair:3:   layout_long_grid, grunt_forest_large_clearings,
          infiniplex_staircase_pool
Lair:4:   layout_roguey, dummy_spider_entry, grunt_megastairs_1,
          lemuel_fruit_fields

Skill      XL: |  1  2  3  4  5  6  7  8  9 10 11 12 13 |
---------------+----------------------------------------+-----
Fighting       | 4 5 6 7 8 10 12 13 14 | 14.8
Unarmed Combat | 4 5 6 7 9 10 12 14 16 17 18 | 18.3
Armour         | 2 6 7 |  7.7
Evocations     | 2 4 |  4.0
Shields        | 4 |  4.0
Spellcasting   | |  1.0
Fire Magic     | |  0.6

Action                   |  1- 3 |  4- 6 |  7- 9 | 10-12 | 13-15 || total
-------------------------+-------+-------+-------+-------+-------++-------
Melee: Unarmed           |    72 |    94 |   229 |   575 |   179 ||  1149
       Headbutt          |    10 |    13 |    43 |   101 |    31 ||   198
       Punch             |     2 |     2 |     7 |    34 |       ||    45
 Cast: Foxfire           |    28 |    44 |    72 |   129 |    41 ||   314
Evoke: Wand              |       |       |       |    14 |       ||    14
       Phial of floods   |       |       |       |     1 |       ||     1
  Use: Potion            |       |     2 |       |     4 |       ||     6
       Scroll            |       |       |     4 |     7 |     1 ||    12
Armor: Robe              |    22 |    17 |    44 |       |       ||    83
       Skin              |       |       |     2 |       |       ||     2
       Acid dragon scale |       |       |       |   106 |    45 ||   151
       Steam dragon scal |       |       |       |     4 |       ||     4
Dodge: Dodged            |    56 |    50 |   118 |   211 |    97 ||   532
Block: Other             |       |       |       |    75 |       ||    75
       Reflection        |       |       |       |     4 |     1 ||     5
       Buckler           |       |       |       |    51 |    83 ||   134

Table legend: (Time is in decaauts)
 A = Elapsed time spent in this place.
 B = Non-inter-level travel time spent in this place.
 C = Inter-level travel time spent in this place.
 D = Time resting spent in this place.
 E = Time spent auto-exploring this place.
 F = Levels seen in this place.
 G = Mean time per level.
                   A        B        C        D        E       F      G
               +--------+--------+--------+--------+--------+-----+--------+
         Total |  23728 |  23155 |    573 |   3442 |  16553 |  14 | 1694.9 |
       Dungeon |  17731 |  17286 |    445 |   3203 |  11749 |  10 | 1773.1 |
          Lair |   5997 |   5870 |    127 |    239 |   4803 |   4 | 1499.2 |
               +--------+--------+--------+--------+--------+-----+--------+

Top non-repeatable levels by time:
     D:9: 3040 daAuts
     D:8: 2950 daAuts
  Lair:1: 2723 daAuts
    D:10: 2281 daAuts
     D:2: 1965 daAuts
     D:6: 1732 daAuts
     D:5: 1611 daAuts
  Lair:3: 1596 daAuts
  Lair:2: 1459 daAuts
     D:4: 1168 daAuts
     D:1: 1100 daAuts
     D:3: 977 daAuts
     D:7: 903 daAuts
  Lair:4: 218 daAuts
